Map: Abiogenesis LE

Players

Hurricane

  • Race: Protoss Protoss
  • League: Grandmaster
  • Spawn Location: 11:00

llllllllllll - Winner!

  • Race: Terran Terran
  • League: Grandmaster
  • Spawn Location: 5:00

VOD

Have the link to the VOD?

Description

Time

  • Played on: Feb. 2, 2018, 12:33 p.m.
  • Length: 5:40
Show
View Real Time Build Order
Export as new Build Order

Hurricane Protoss 

Build Orders: 1 Gate Expand, Double Forge, Blink Stalkers, Dark Templar Rush 

Get SALT Encoding   

  12  0:00  Probe  
  13  0:12  Probe  
  14  0:17  Pylon  
  14  0:25  Probe (Chrono Boost)  
  15  0:37  Probe (Chrono Boost)  
  15  0:38  Gateway  
  16  0:45  Probe (Chrono Boost)  
  16  0:46  Assimilator  
  17  0:51  Probe  
  18  1:03  Probe  
  19  1:15  Probe  
  20  1:23  Nexus  
  20  1:33  Cybernetics Core  
  20  1:37  Probe  
  21  1:42  Assimilator  
  21  1:49  Probe  
  21  1:51  Pylon  
  22  2:01  Probe  
  23  2:07  Stalker (Chrono Boost)  
  23  2:10  Warp Gate  
  23  2:13  Probe  
  26  2:25  Probe  
  26  2:29  Stalker  
  27  2:35  Probe  
  29  2:38  Probe  
  29  2:42  Twilight Council  
  30  2:47  Probe (Chrono Boost)  
  30  2:50  Probe (Chrono Boost)  
  31  2:59  Probe (Chrono Boost)  
  31  3:01  Stalker  
  31  3:02  Probe (Chrono Boost)  
  35  3:06  Probe (Chrono Boost)  
  35  3:07  Probe (Chrono Boost)  
  37  3:14  Probe  
  37  3:15  Pylon  
  37  3:16  Probe  
  39  3:21  Blink (Chrono Boost)  
  39  3:26  Probe  
  39  3:34  Probe  
  40  3:38  Probe  
  41  3:41  Dark Shrine  
  41  3:46  Probe  
  42  3:51  Probe  
  42  3:52  Gateway  
  42  3:54  Gateway  
  43  3:58  Probe  
  44  4:04  Probe, Assimilator  
  44  4:08  Assimilator  
  45  4:10  Probe, Pylon  
  45  4:16  Probe  
  47  4:19  Robotics Facility  
  47  4:22  Probe  
  48  4:25  Pylon  
  48  4:28  Stalker  
  48  4:31  Probe  
  51  4:34  Probe  
  52  4:44  Probe  
  53  4:49  Probe, Forge  
  53  4:50  Forge  
  54  4:54  Dark Templar  
  54  4:56  Dark Templar  
  58  5:01  Dark Templar  
Show
View Real Time Build Order
Export as new Build Order

llllllllllll Terran - Winner!

Build Orders: Reaper Expand 

Get SALT Encoding   

  12  0:02  SCV  
  13  0:14  SCV  
  14  0:17  Supply Depot  
  14  0:26  SCV  
  15  0:38  SCV  
  15  0:39  Barracks  
  16  0:44  Refinery  
  16  0:50  SCV  
  17  1:02  SCV  
  18  1:14  SCV  
  19  1:27  Reaper, Orbital Command  
  20  1:41  Command Center  
  20  1:53  SCV  
  21  1:55  Barracks  
  21  1:59  Barracks Reactor  
  21  2:05  SCV  
  22  2:08  Supply Depot  
  22  2:17  SCV  
  22  2:18  Refinery  
  23  2:25  Factory  
  23  2:36  SCV, Marine x2  
  26  2:43  Barracks Tech Lab  
  26  2:48  SCV  
  27  2:54  Orbital Command  
  27  2:56  Marine x2  
  29  3:00  SCV  
  30  3:10  Marine  
  30  3:12  SCV  
  32  3:13  Marine  
  32  3:16  Siege Tank  
  37  3:20  SCV, Marine  
  37  3:24  SCV  
  37  3:25  Supply Depot  
  39  3:30  Marine  
  39  3:32  SCV  
  41  3:36  Marine  
  41  3:39  SCV  
  41  3:41  Marine  
  43  3:45  SCV  
  43  3:48  Marine  
  45  3:49  Siege Tank  
  45  3:51  SCV  
  45  3:53  Supply Depot  
  45  3:54  Marine  
  50  3:58  SCV  
  50  3:59  Marine  
  52  4:03  SCV  
  52  4:08  Marine  
  54  4:10  Supply Depot  
  54  4:14  SCV, Marine  
  56  4:19  SCV, Barracks  
  56  4:21  Siege Tank  
  56  4:22  Marine  
  61  4:25  Starport  
  61  4:26  SCV  
  62  4:32  Barracks Tech Lab  
  62  4:33  SCV  
  62  4:38  SCV, Engineering Bay  
  63  4:41  Marine x2  
  63  4:45  SCV  
  67  4:48  Supply Depot  
  67  4:50  SCV  
  67  4:56  Bunker x2  
  67  5:00  Marine  
  67  5:05  Missile Turret, Marine  
  67  5:06  Marine  
  70  5:08  Missile Turret  
  70  5:11  SCV  
  70  5:13  Marine  
  70  5:15  SCV  
  73  5:24  SCV  
Tags
 
Add a new tag
Caveats
  • Supply blocks, unpowered buildings, or Contaminate may cause inaccurate times.
  • Supply counts are checked every 10 seconds.